 Dungeon Crawl Stone Soup version 0.30.1-5-ged363bc7ee (webtiles) character file.

Game seed: 5722178545722759884

254 booth the Chopper (level 6, -2/45 HPs)
             Began as a Gnoll Reaver on Sept 19, 2023.
             Was a Follower of Hepliaklqana.
             Slain by a river rat (4 damage)
             ... summoned by Eustachio
             ... on level 4 of the Dungeon.
             The game lasted 00:16:04 (2868 turns).

booth the Chopper (Gnoll Reaver)                    Turns: 2868, Time: 00:16:04

Health: -2/45      AC:  3    Str: 10 (13) XL:     6   Next: 15%
Magic:  14/14      EV: 11    Int: 10 (12) God:    Hepliaklqana [*.....]
Gold:   72         SH:  0    Dex:  1 (11) Spells: 7/15 levels left

rFire   . . .        a - +2 hand axe
rCold   . . .        (no shield)
rNeg    . . .        b - +0 leather armour
rPois   .            (no helmet)
rElec   .            (no cloak)
rCorr   .            (no gloves)
SInv    .            (no boots)
Will    .....        o - amulet of magic regeneration
Stlth   +            (no ring)
HPRegen 0.27/turn    (no ring)
MPRegen 0.54/turn

%: no passive effects
@: attractive
A: reduced essence, fangs 1, strong nose, distributed training
a: Renounce Religion, Recall Ancestor, Ancestor Identity


You were on level 4 of the Dungeon.
You worshipped Hepliaklqana.
Hepliaklqana was aware of your devotion.
You visited 1 branch of the dungeon, and saw 4 of its levels.

You collected 72 gold pieces.

Inventory:

Hand Weapons
 a - a +2 hand axe (weapon)
 j - a +0 mace
Armour
 b - a +0 leather armour (worn)
 h - a +0 ring mail
Jewellery
 m - an amulet of faith
 o - an amulet of magic regeneration (around neck)
Wands
 q - a wand of flame (2)
Scrolls
 k - a scroll of teleportation {unknown}
 n - a scroll of poison
Potions
 d - a potion of flight
 e - 2 potions of curing
 g - a potion of attraction


   Skills:
 + Level 4.9 Fighting
 + Level 1.9 Short Blades
 + Level 1.9 Long Blades
 + Level 6.8 Axes
 + Level 1.9 Maces & Flails
 + Level 1.9 Polearms
 + Level 1.9 Staves
 + Level 1.9 Ranged Weapons
 + Level 1.9 Throwing
 + Level 1.9 Armour
 + Level 4.9 Dodging
 + Level 1.9 Stealth
 + Level 1.9 Shields
 + Level 1.9 Unarmed Combat
 + Level 5.3 Spellcasting
 + Level 5.6 Conjurations
 + Level 1.5 Hexes
 + Level 1.5 Summonings
 + Level 1.5 Necromancy
 + Level 1.5 Translocations
 + Level 1.5 Transmutations
 + Level 1.5 Fire Magic
 + Level 1.5 Ice Magic
 + Level 1.5 Air Magic
 + Level 1.5 Earth Magic
 + Level 1.5 Poison Magic
 + Level 2.1 Invocations
 + Level 1.9 Evocations


You had 7 spell levels left.
You knew the following spells:

 Your Spells              Type           Power      Damage    Failure   Level
a - Kiss of Death         Conj/Necr      36%        2d8       7%          1
b - Momentum Strike       Conj/Tloc      18%        3d8       10%         2
c - Hailstorm             Conj/Ice       9%         3d4       21%         3
d - Apportation           Tloc           10%        N/A       16%         1
e - Summon Small Mammal   Summ           20%        N/A       16%         1

Your spell library contained the following spells:

 Spells                   Type           Power      Damage    Failure   Level
 Necrotise                Necr           20%        1d5       16%         1
 Call Canine Familiar     Summ           5%         N/A       43%         3
 Portal Projectile        Hex/Tloc       10%        N/A       43%         3
 Iskenderun's Battlesphe  Conj           14%        2d7       61%         5
 Leda's Liquefaction      Hex/Erth       2%         N/A       83%         4
 Fireball                 Conj/Fire      4%         3d4       88%         5
 Conjure Ball Lightning   Conj/Air       4%         3x3d6     100%        6
 Orb of Destruction       Conj           7%         9d6       100%        7


Dungeon Overview and Level Annotations

Branches:
Dungeon (4/15)             Temple (0/1) D:4

Altars:
Hepliaklqana

Shops:
D:1 =   D:2 (

Annotations:
D:3 2 transporters, laqueoix's ghost, amateur DsGl
D:4 Eustachio


Innate Abilities, Weirdness & Mutations

Your life essence is reduced to manifest your ancestor. (-10% HP)
You have very sharp teeth.
Your uncanny sense of smell can sniff out nearby items.
Your experience applies equally to all skills.


Message History

Eustachio casts a spell.
You hit Eustachio.
Eustachio is moderately wounded.
You closely miss the river rat. You hit the rat.
You kill the rat!
The rat's corpse disappears in a puff of smoke!
Eustachio hits you with a +0 rapier!
* * * LOW HITPOINT WARNING * * *
It was a potion of degeneration.
There was something very wrong with that liquid.
You feel weakened.
You feel dopey.
You feel clumsy. The river rat barely misses you. Eustachio barely misses you.
As you read the scroll labelled LUECVE JIRUXZI, it crumbles to dust.
You assume a fearsome visage.
The river rat looks frightened!
The crimson imp looks frightened!
Eustachio looks frightened!
It was a scroll of fear.
The crimson imp disappears in a puff of smoke!
Eustachio gestures wildly while chanting.
Eustachio blinks!
The quokka is attracted toward you. The river rat is attracted toward you.
You barely miss the river rat. Your punch misses the river rat.
You hit the quokka. The quokka closely misses you.
The river rat is attracted toward you.
You hit the river rat.
Your attack snaps the river rat out of its fear.
The river rat is heavily wounded.
You hit the quokka but do no damage. The quokka closely misses you.
The river rat bites you!
* * * LOW HITPOINT WARNING * * *
You hit the river rat but do no damage.
The river rat is heavily wounded.
You closely miss the quokka. The quokka bites you.
* * * LOW HITPOINT WARNING * * *
The river rat bites you but does no damage.
The quokka bites you.
* * * LOW HITPOINT WARNING * * *
You miss the quokka. Your bite misses the quokka.
The quokka is moderately wounded.
You closely miss the river rat. The river rat bites you.
You die...

>...#.###.#.P.P..##(#######
.#. . #.#......##...# [. .#
#.###########.##### . ..
#.# #.......# .# #.#
##########.# ..#
#.......##.# #..#
#.#####.##.# ##..####.#
#.##.# #...#@r§# #....#
.##.#.#r### ######
......#†# #.....# ##.#..#
##.#..# #.....# #...#..#
.(.#.#.(#


You could see a river rat (summoned) and a quokka (summoned).

Vanquished Creatures
  A hound (D:4)
  Natasha (D:4)
  A gnoll (D:1)
  4 adders
  3 worms
  3 dart slugs (D:2)
  An orc (D:4)
  5 endoplasms
  3 giant cockroaches
  10 hobgoblins
  3 jackals (D:1)
  7 ball pythons
  3 bats
  3 frilled lizards
  3 goblins
  6 kobolds
  3 rats
60 creatures vanquished.

Vanquished Creatures (collateral kills)
  A jelly (D:4)
  A hound (D:4)
  2 adders (D:4)
  A giant cockroach (D:4)
  A hobgoblin (D:3)
6 creatures vanquished.

Vanquished Creatures (others)
  3 ancestors (D:4)
3 creatures vanquished.

Grand Total: 69 creatures vanquished

Notes
Turn   | Place    | Note
-------+----------+-------------------------------------------
     0 | D:1      | booth the Gnoll Reaver began the quest for the Orb.
     0 | D:1      | Reached XP level 1. HP: 20/20 MP: 6/6
    42 | D:1      | Found Maadgh's One-of-a-Kind Rings.
   204 | D:1      | Reached XP level 2. HP: 16/26 MP: 7/7
   762 | D:1      | Reached skill level 5 in Spellcasting
   762 | D:1      | Reached XP level 3. HP: 31/31 MP: 7/9
   773 | D:1      | Reached skill level 1 in Invocations
   856 | D:1      | Learned a level 2 spell: Momentum Strike
   860 | D:1      | Learned a level 3 spell: Hailstorm
   862 | D:1      | Learned a level 1 spell: Apportation
  1099 | D:2      | Reached skill level 1 in Short Blades
  1099 | D:2      | Reached skill level 1 in Long Blades
  1099 | D:2      | Reached skill level 1 in Maces & Flails
  1099 | D:2      | Reached skill level 1 in Polearms
  1099 | D:2      | Reached skill level 1 in Staves
  1099 | D:2      | Reached skill level 1 in Ranged Weapons
  1099 | D:2      | Reached skill level 1 in Throwing
  1099 | D:2      | Reached skill level 1 in Armour
  1099 | D:2      | Reached skill level 1 in Stealth
  1099 | D:2      | Reached skill level 1 in Shields
  1099 | D:2      | Reached skill level 1 in Unarmed Combat
  1099 | D:2      | Reached skill level 1 in Evocations
  1178 | D:2      | Found Eblakil's Antique Weapon Boutique.
  1226 | D:2      | Reached XP level 4. HP: 35/38 MP: 11/11
  1629 | D:2      | Reached skill level 1 in Hexes
  1629 | D:2      | Reached skill level 1 in Summonings
  1629 | D:2      | Reached skill level 1 in Necromancy
  1629 | D:2      | Reached skill level 1 in Translocations
  1629 | D:2      | Reached skill level 1 in Transmutations
  1629 | D:2      | Reached skill level 1 in Fire Magic
  1629 | D:2      | Reached skill level 1 in Ice Magic
  1629 | D:2      | Reached skill level 1 in Air Magic
  1629 | D:2      | Reached skill level 1 in Earth Magic
  1629 | D:2      | Reached skill level 1 in Poison Magic
  2196 | D:3      | Found a transporter.
  2370 | D:3      | Found a faded altar of an unknown god.
  2379 | D:3      | Reached XP level 5. HP: 41/43 MP: 12/12
  2382 | D:3      | Prayed at the altar of an unknown god.
  2382 | D:3      | Became a worshipper of Hepliaklqana the Forgotten
  2382 | D:3      | Reached * piety under Hepliaklqana
  2387 | D:3      | Found a transporter.
  2392 | D:3      | Noticed laqueoix's ghost (amateur DsGl)
  2640 | D:4      | Found a staircase to the Ecumenical Temple.
  2658 | D:4      | Noticed Natasha
  2667 | D:4      | Killed Natasha
  2753 | D:4      | Reached XP level 6. HP: 36/45 MP: 13/13
  2795 | D:4      | Learned a level 1 spell: Summon Small Mammal
  2800 | D:4      | Noticed Eustachio
  2867 | D:4      | HP: 2/45 [quokka[Eustachio] (1)]
  2868 | D:4      | Slain by a river rat

Illustrated notes

Levels and vault maps discovered:
D:1:      onia_arrival_mini_spirals, layout_basic, nicolae_shop_unique_rings
D:2:      layout_loops_ring, serial_shops, shop
D:3:      layout_basic, gammafunk_ghost_mausoleum,
          ebering_ecumenical_altar_ruins, grunt_decor_resistance
D:4:      layout_basic, nicolae_qazlal_beasts_of_the_sky,
          minmay_temple_entry_trees, st_stairs_14, palyth_stone_intersect,
          uniq_natasha, uniq_eustachio

Skill      XL: |  1  2  3  4  5 |
---------------+----------------+-----
Spellcasting   | 5 |  5.3
Invocations    | 1 2 |  2.1
Short Blades   | 1 |  1.9
Long Blades    | 1 |  1.9
Maces & Flails | 1 |  1.9
Polearms       | 1 |  1.9
Staves         | 1 |  1.9
Ranged Weapons | 1 |  1.9
Throwing       | 1 |  1.9
Armour         | 1 |  1.9
Stealth        | 1 |  1.9
Shields        | 1 |  1.9
Unarmed Combat | 1 |  1.9
Evocations     | 1 |  1.9
Hexes          | 1 |  1.5
Summonings     | 1 |  1.5
Necromancy     | 1 |  1.5
Translocations | 1 |  1.5
Transmutations | 1 |  1.5
Fire Magic     | 1 |  1.5
Ice Magic      | 1 |  1.5
Air Magic      | 1 |  1.5
Earth Magic    | 1 |  1.5
Poison Magic   | 1 |  1.5
Fighting       | |  4.9
Axes           | |  6.8
Dodging        | |  4.9
Conjurations   | |  5.6

Action                     |  1- 3 |  4- 6 || total
---------------------------+-------+-------++-------
  Melee: Hand axe          |   113 |   174 ||   287
         Bite              |     5 |    17 ||    22
         Punch             |       |     2 ||     2
  Throw: Boomerang         |       |     6 ||     6
         Throwing net      |       |     1 ||     1
 Invoke: Ancestor Identity |       |     1 ||     1
    Use: Scroll            |     2 |     4 ||     6
         Potion            |       |     6 ||     6
   Stab: Sleeping          |     1 |       ||     1
 Armour: Leather armour    |    19 |    46 ||    65
  Dodge: Dodged            |    73 |   134 ||   207
